 Dungeon Crawl Stone Soup version 0.23.1 (webtiles) character file.

Game seed: 0

212 XSreality the Skirmisher (level 5, 0/50 HPs)
             Began as a Hill Orc Monk on Mar 2, 2019.
             Slain by a jackal (1 damage)
             ... on level 3 of the Dungeon on Mar 12, 2019.
             The game lasted 00:05:08 (1779 turns).

XSreality the Skirmisher (Hill Orc Monk)            Turns: 1779, Time: 00:05:09

Health: 0/50       AC:  3    Str: 15    XL:     5   Next: 89%
Magic:  5/5        EV: 12    Int: 10    God:
Gold:   164        SH:  0    Dex: 13    Spells: 4/4 levels left

rFire    . . .     SeeInvis .   g - +0 short sword (venom)
rCold    . . .     Gourm    .   (no shield)
rNeg     . . .     Faith    .   i - +0 leather armour
rPois    .         Spirit   .   (no helmet)
rElec    .         Reflect  .   (no cloak)
rCorr    .         Harm     .   (no gloves)
MR       .....                  (no boots)
Stlth    ++........             (no amulet)
HPRegen  0.16/turn              (no ring)
MPRegen  0.09/turn              (no ring)

@: lethally poisoned (0 -> -2)
A: no striking features
a: Convert to Beogh


You were on level 3 of the Dungeon.
You were hungry.

You visited 1 branch of the dungeon, and saw 3 of its levels.

You collected 164 gold pieces.

Inventory:

Hand Weapons
 a - a +0 hand axe
 g - a +0 short sword of venom (weapon)
 n - a +5 whip of flaming
Armour
 i - a +0 leather armour (worn)
Scrolls
 d - 3 scrolls of teleportation {unknown}
 f - 3 scrolls of noise {unknown}
 h - a scroll of identify {unknown}
 j - a scroll of blinking {unknown}
Potions
 b - 2 potions of might {unknown}
 e - 6 potions of curing {unknown}
 k - a potion of agility {unknown}
 l - a potion of lignification {unknown}
Comestibles
 c - 4 rations


   Skills:
 + Level 6.0 Fighting
 + Level 2.8 Short Blades
 - Level 5.1 Axes
 - Level 2.4 Dodging
 - Level 1.5 Stealth


You had 4 spell levels left.
You didn't know any spells.
Your spell library contained the following spells:

 Spells                   Type           Power        Failure   Level  Hunger
 Blink                    Tloc           N/A          56%         2    ###....
 Shroud of Golubria       Chrm/Tloc      #.........   56%         2    ###....
 Gell's Gravitas          Tloc           #.........   80%         3    ####...
 Lesser Beckoning         Tloc           #.........   80%         3    ####...
 Teleport Other           Tloc           #.......     80%         3    ####...
 Passage of Golubria      Tloc           N/A          99%         4    #####..


Dungeon Overview and Level Annotations

Branches:
Dungeon (3/15)

Altars:
Kikubaaqudgha
Makhleb
Xom
The Shining One


Message History

The orc priest casts a cantrip, but nothing happens.
You feel sick. The jackal barely misses you. x2
The leopard gecko completely misses you.
The hobgoblin hits you with a +0 club.
* * * LOW HITPOINT WARNING * * *
The jackal bites you but does no damage.
The adder bites you but does no damage. The jackal bites you.
* * * LOW HITPOINT WARNING * * *
The jackal closely misses you. The ooze barely misses you.
The gnoll closely misses you. The leopard gecko bites you.
* * * LOW HITPOINT WARNING * * *
The jackal bites you but does no damage.
The hobgoblin barely misses you.
The jackal bites you but does no damage.
The jackal bites you.
* * * LOW HITPOINT WARNING * * *
The adder bites you but does no damage.
A goblin comes into view. It is wielding a +0 club.
The ooze hits you but does no damage. The jackal bites you.
You die...

#.....gg....
#........(..
#...........
..o.......%
.so.......
#oKhK.....
#hJhh.....
##l@h##...
#.Sg./.$.#
#gg.....##
#..........#
.............#
.....#.#.....#
...%.........#
.....#.....###
....... ..##


You could see an orc priest, 2 gnolls, an ooze, an adder, 2 orcs, a leopard
gecko, 5 jackals, a giant cockroach, 2 hobgoblins, a goblin (wandering) and 2
kobolds.

Vanquished Creatures
  Sigmund (D:2)
  Jessica (D:2)
  An adder (D:2)
  A giant cockroach (D:2)
  3 goblins (D:2)
  5 hobgoblins
  A ball python (D:1)
  2 bats (D:2)
  3 frilled lizards
  2 rats (D:2)
20 creatures vanquished.

Notes
Turn   | Place    | Note
-------+----------+-------------------------------------------
     0 | D:1      | XSreality the Hill Orc Monk began the quest for the Orb.
     0 | D:1      | Reached XP level 1. HP: 19/19 MP: 1/1
   755 | D:2      | Found a glowing golden altar of the Shining One.
   758 | D:2      | Found a shimmering altar of Xom.
   759 | D:2      | Found a burning altar of Makhleb.
   761 | D:2      | Found an ancient bone altar of Kikubaaqudgha.
   767 | D:2      | Noticed Jessica
   792 | D:2      | Killed Jessica
   792 | D:2      | Reached skill level 4 in Fighting
   792 | D:2      | Reached XP level 2. HP: 20/28 MP: 2/2
   792 | D:2      | Reached XP level 3. HP: 24/34 MP: 3/3
   805 | D:2      | Reached skill level 5 in Axes
   956 | D:2      | Noticed Sigmund
  1500 | D:2      | Killed Sigmund
  1500 | D:2      | Reached skill level 6 in Fighting
  1500 | D:2      | Reached XP level 4. HP: 16/44 MP: 4/4
  1500 | D:2      | Reached XP level 5. HP: 18/50 MP: 5/5
  1779 | D:3      | HP: 1/50 [jackal (2)]
  1779 | D:3      | Slain by a jackal

Skill      XL: |  1  2  3 |
---------------+----------+-----
Fighting       | 4 6 |  6.0
Axes           | 5 |  5.1
Short Blades   | 2 |  2.8
Dodging        | |  2.4
Stealth        | |  1.5

Action                   |  1- 3 |  4- 6 || total
-------------------------+-------+-------++-------
Melee: Hand axe          |    40 |       ||    40
       Short sword       |    25 |       ||    25
 Stab: Sleeping          |     2 |       ||     2
  Eat: Chunk             |       |     2 ||     2
Armor: Leather armour    |    14 |    18 ||    32
       Robe              |     1 |       ||     1
Dodge: Dodged            |    44 |    49 ||    93
